 Dungeon Crawl Stone Soup version 0.27-a0-1312-g5cdb2b3542 (webtiles) character file.

Game seed: 9207152611768022775

4833 dickylongcocking the Transmogrifier (level 10, -12/86 HPs)
             Began as an Octopode Transmuter on June 20, 2021.
             Was an Initiate of Makhleb.
             Mangled by a wyvern (15 damage)
             ... on level 9 of the Dungeon.
             The game lasted 00:15:17 (15640 turns).

dickylongcocking the Transmogrifier (OpTm)         Turns: 15640, Time: 00:15:18

Health: -12/86     AC:  7    Str: 16    XL:     10   Next: 49%
Magic:  11/15      EV: 10    Int: 17    God:    Makhleb [......]
Gold:   252        SH:  0    Dex: 14    Spells: 2/16 levels left

rFire    x . .     SeeInvis .     - Unarmed
rCold    + + +     Faith    .   (shield currently unavailable)
rNeg     . . .     Spirit   .   (helmet currently unavailable)
rPois    +         Reflect  .   (no amulet)
rElec    .         Harm     .   x - +6 ring of strength
rCorr    .         Rampage  .   (no ring)
Will     .....                  (no ring)
Stlth    ++........             (no ring)
HPRegen  0.24/turn              (no ring)
MPRegen  0.14/turn              (no ring)
                                (no ring)
                                (no ring)

@: ice-form
A: freezing attack, boosted hp, almost no armour, amphibious, 8 rings, large,
(camouflage 1), (gelatinous body 1), (nimble swimmer 1), (tentacles)
a: End Transformation, Renounce Religion


You were on level 9 of the Dungeon.
You worshipped Makhleb.
Makhleb was noncommittal.
You were a creature of crystalline ice.
You visited 2 branches of the dungeon, and saw 10 of its levels.
You also visited: Sewer.

You collected 1082 gold pieces.
You spent 830 gold pieces at shops.

Inventory:

Jewellery
 f - a ring of fire
 k - a ring of fire
 x - a +6 ring of strength (left front paw)
Wands
 b - a wand of iceblast (12)
 o - a wand of paralysis (8)
 r - a wand of mindburst (4)
Scrolls
 a - 2 scrolls of immolation
 g - a scroll of fog
 h - a scroll of holy word
 i - 2 scrolls of vulnerability
 j - 2 scrolls of silence
 l - a scroll of enchant weapon
 m - 6 scrolls of teleportation
 n - 2 scrolls of amnesia
 p - a scroll of brand weapon {unknown}
 y - a scroll of torment
Potions
 d - 3 potions of attraction
 q - 2 potions of flight {unknown}
 s - a potion of haste {unknown}
 u - 2 potions of degeneration {unknown}
 v - a potion of invisibility {unknown}
 z - a potion of cancellation


   Skills:
 - Level 8.0 Fighting
 - Level 2.0 Dodging
 - Level 2.0 Stealth
 - Level 8.5 Unarmed Combat
 - Level 3.5 Spellcasting
 + Level 8.8 Transmutations
 - Level 1.0 Ice Magic
 * Level 3.8 Earth Magic


You had 2 spell levels left.
You knew the following spells:

 Your Spells              Type           Power      Damage    Failure   Level
a - Beastly Appendage     Tmut           64%        N/A       1%          1
b - Ice Form              Ice/Tmut       19%        N/A       22%         4
c - Spider Form           Tmut/Pois      8%         N/A       9%          3
d - Statue Form           Tmut/Erth      16%        N/A       88%         6

Your spell library contained the following spells:

 Spells                   Type           Power      Damage    Failure   Level
 Wereblood                Tmut           32%        N/A       1%          2
 Corona                   Hex            2%         N/A       17%         1
 Slow                     Hex            2%         N/A       26%         2
 Blade Hands              Tmut           16%        N/A       12%         5
 Inner Flame              Hex/Fire       2%         N/A       45%         3
 Portal Projectile        Hex/Tloc       4%         N/A       45%         3
 Leda's Liquefaction      Hex/Erth       4%         N/A       58%         4
 Irradiate                Conj/Tmut      8%         3d16      58%         5
 Cause Fear               Hex            1%         N/A       86%         4
 Dragon Form              Tmut           16%        N/A       98%         7
 Storm Form               Tmut/Air       8%         N/A       100%        7


Dungeon Overview and Level Annotations

Branches:
Dungeon (9/15)             Temple (1/1) D:7           Sewer (visited)
   Lair: D:8-11         Orc: D:9-12

Altars:
Dithmenos
Elyvilon
Fedhas
Gozag
Kikubaaqudgha
Makhleb
Okawaru
Qazlal
Sif Muna
Trog
Uskayaw
Vehumet
Xom
Zin
The Shining One

Shops:
D:5 [:?   D:6 *


Innate Abilities, Weirdness & Mutations

You are a creature of crystalline ice.
You have a powerful freezing melee attack.
Your maximum health is increased.
Your armour is entirely melded.
You are incapable of wielding weapons or throwing items.
You cannot wear most types of armour.
You are amphibious.
You can wear up to eight rings at the same time.
((Your skin changes colour to match your surroundings (Stealth+).))
((Your rubbery body absorbs attacks. (AC +1, EV +1)))
((You are camouflaged near water. (Stealth+)))
((You have tentacles for arms and can constrict up to eight enemies at once.))


Message History

You closely miss the wyvern.
You squeeze the wyvern, but do no damage.
The wyvern is heavily wounded.
The wyvern bites you!
You closely miss the wyvern. You squeeze the wyvern.
The wyvern is heavily wounded.
The wyvern bites you but does no damage.
The wyvern bites you!
* * * LOW HITPOINT WARNING * * *
Unknown command.
Okay, then.
You are confused.
You feel invigorated. The wyvern bites you.
* * * LOW HITPOINT WARNING * * *
Unknown command.
Okay, then.
You bump into the rock wall.
The wyvern barely misses you. The wyvern closely misses you.
Unknown command.
You bump into the rock wall.
You feel less invigorated.
You feel less confused. The wyvern bites you!
* * * LOW HITPOINT WARNING * * *
Unknown command.
You feel better. The wyvern bites you.
* * * LOW HITPOINT WARNING * * *
The wyvern bites you!
* * * LOW HITPOINT WARNING * * *
Unknown command.
Okay, then.
Unknown command.
Casting: Ice Form (dangerous; 22% risk of failure)
Confirm with . or Enter, or press ? or * to list all spells.
Okay, then.
Casting: Ice Form (dangerous; 22% risk of failure)
Confirm with . or Enter, or press ? or * to list all spells.
You turn into a creature of crystalline ice.
The wyvern hisses menacingly.
The wyvern bites you!
You die...

#.# #.# #.# ##.
#)# ... #.# #.##
###'##### ##...
#.......# ##...
#.......# ##.[#
###.......# #lY#
###.'.......###.##
....#)......#...#
#####.......'.###
#.......###
####+#### #.# #.#
#.#


You could see a wyvern.

Vanquished Creatures
  A two-headed ogre (D:9)
  A troll (D:6)
  Sigmund (D:6)
  The ghost of Belboz the Chopper, an amateur PaFi (D:4)
  An acid dragon (D:8)
  A water moccasin (D:6)
  2 sky beasts (D:4)
  A black bear (D:7)
  2 ice beasts
  An orc warrior (D:8)
  2 ogres (D:6)
  7 centaurs (D:7)
  A phantom (D:6)
  A kobold brigand (D:7)
  Blork the orc (D:5)
  A gnoll sergeant (D:6)
  2 bullfrogs
  A wyvern zombie (D:7)
  3 scorpions
  A water moccasin zombie (D:5)
  A water moccasin skeleton (D:6)
  10 killer bees
  4 wights (D:8)
  2 centaur zombies
  2 hounds
  A centaur skeleton (D:6)
  3 orc priests
  2 bullfrog skeletons (D:6)
  An iron imp (D:6)
  4 orc wizards (D:8)
  An iguana (D:5)
  A killer bee zombie (D:5)
  A hound zombie (D:5)
  Robin (D:4)
  2 howler monkey zombies
  8 gnolls
  13 adders
  3 river rats
  A shadow imp (D:7)
  2 adder skeletons (D:4)
  10 orcs
  3 endoplasms
  5 giant cockroaches
  14 goblins
  5 hobgoblins
  7 jackals (D:1)
  4 quokkas
  7 ball pythons
  5 bats
  11 frilled lizards
  A goblin skeleton (D:7)
  2 goblin zombies (D:7)
  A hobgoblin zombie (D:7)
  8 kobolds
  A kobold skeleton (D:7)
  2 kobold zombies (D:7)
  2 orc skeletons (D:7)
  2 orc zombies (D:7)
  15 rats
200 creatures vanquished.

Notes
Turn   | Place    | Note
-------+----------+-------------------------------------------
     0 | D:1      | dickylongcocking the Octopode Transmuter began the quest
                  | for the Orb.
     0 | D:1      | Reached XP level 1. HP: 13/13 MP: 3/3
   437 | D:1      | Reached XP level 2. HP: 15/18 MP: 5/5
  1086 | D:1      | Found a faded altar of an unknown god.
  1195 | D:2      | Reached skill level 1 in Stealth
  1195 | D:2      | Reached XP level 3. HP: 7/23 MP: 4/6
  1514 | D:2      | You fall into a shaft and drop 2 floors!
  1884 | D:3      | Found a radiant altar of Vehumet.
  2082 | D:3      | Reached XP level 4. HP: 7/29 MP: 7/7
  3072 | D:2      | HP: 1/43 [poisoned by a goblin]
  3635 | D:2      | Learned a level 3 spell: Spider Form
  3711 | D:4      | Noticed a sky beast
  3928 | D:4      | Killed a sky beast
  3929 | D:4      | Reached XP level 5. HP: 14/36 MP: 5/8
  4210 | D:4      | Reached XP level 6. HP: 37/42 MP: 9/9
  4287 | D:4      | Found a runed translucent door.
  4343 | D:4      | Noticed a sky beast
  4352 | D:4      | Killed a sky beast
  4353 | D:4      | Reached skill level 5 in Unarmed Combat
  4774 | D:4      | Noticed Robin
  4784 | D:4      | Killed Robin
  5163 | D:4      | Reached XP level 7. HP: 26/47 MP: 6/10
  5528 | D:4      | Noticed Belboz's ghost (amateur PaFi)
  5545 | D:4      | Killed Belboz's ghost
  5628 | D:5      | Entered Level 5 of the Dungeon
  5913 | D:5      | Found a glowing drain.
  5917 | Sewer    | Entered a sewer
  6664 | D:5      | Reached skill level 5 in Transmutations
  6664 | D:5      | Reached XP level 8. HP: 45/54 MP: 11/11
  6754 | D:5      | Noticed Blork the orc
  6766 | D:5      | Killed Blork the orc
  6767 | D:5      | Reached skill level 5 in Fighting
  7049 | D:5      | Found Gazi's Magic Scroll Emporium.
  7194 | D:5      | Bought a scroll of fear for 38 gold pieces
  7194 | D:5      | Bought a scroll of teleportation for 33 gold pieces
  7194 | D:5      | Bought a scroll of identify for 22 gold pieces
  7202 | D:5      | Bought a scroll of identify for 22 gold pieces
  7253 | D:5      | Found Hylapoz's Book Emporium.
  7308 | D:5      | Found Qykuv's Armour Emporium.
  7753 | D:6      | Found Bapuduk's Assorted Antiques.
  7761 | D:6      | Bought a potion of heal wounds for 110 gold pieces
  8172 | D:6      | Noticed a troll
  8187 | D:6      | Killed a troll
  8589 | D:6      | Reached XP level 9. HP: 62/62 MP: 8/12
  8620 | D:6      | Noticed Sigmund
  8627 | D:6      | Killed Sigmund
  9686 | D:7      | HP: 3/63 [poisoned by a killer bee]
 10247 | D:7      | Learned a level 4 spell: Ice Form
 10515 | D:7      | Found a staircase to the Ecumenical Temple.
 10583 | D:7      | Found a glowing golden altar of the Shining One.
 10882 | D:7      | Reached skill level 1 in Ice Magic
 11037 | Temple   | Entered the Ecumenical Temple
 12084 | D:8      | Identified a scroll of acquirement
 12086 | D:8      | Acquired 549 gold pieces
 12210 | Temple   | Became a worshipper of Makhleb the Destroyer
 12304 | D:5      | Bought a book of Transfigurations for 605 gold pieces
 12887 | D:8      | Learned a level 6 spell: Statue Form
 13005 | D:8      | Reached XP level 10. HP: 71/71 MP: 9/14
 13358 | D:8      | Reached skill level 1 in Earth Magic
 15357 | D:9      | Noticed a two-headed ogre
 15388 | D:9      | Killed a two-headed ogre
 15639 | D:9      | HP: 2/72 [wyvern (17)]
 15640 | D:9      | Mangled by a wyvern

Illustrated notes

Levels and vault maps discovered:
D:1:      eino_arrival_water_star, layout_loops_ring,
          hellmonk_ecumenical_altar_prayer_group
D:2:      layout_rooms, hangedman_feature_mirror, st_stairs_14
D:3:      layout_rooms, overflow_temple_1_default, minmay_misc_feat_enclosed,
          minmay_cut_off
D:4:      layout_loops_ring, ebering_ghost_reflecting_pool, uniq_robin
D:5:      layout_basic, portal_sewer_entry_e, serial_shops, shop,
          kennysheep_little_box, nicolae_shop_window_shopping,
          uniq_blork_the_orc
D:6:      layout_loops_corners, serial_shops, shop, uniq_sigmund
D:7:      layout_basic, nicolae_tso_besieged_by_evil,
          minmay_temple_entry_statues, centaur_isle
D:8:      layout_layer_cave
D:9:      layout_roguey, jmf_multi_god_temple
Temple:   nicolae_temple_figure_eight

Skill      XL: |  1  2  3  4  5  6  7  8  9 10 |
---------------+-------------------------------+-----
Stealth        | 1 2 |  2.0
Unarmed Combat | 4 5 6 7 8 |  8.5
Fighting       | 2 3 4 6 7 8 |  8.0
Transmutations | 3 4 5 6 7 8 |  8.8
Ice Magic      | 1 |  1.0
Spellcasting   | 3 |  3.5
Earth Magic    | 3 |  3.8
Dodging        | |  2.0

Action                   |  1- 3 |  4- 6 |  7- 9 | 10-12 || total
-------------------------+-------+-------+-------+-------++-------
Melee: Unarmed           |    89 |   102 |   297 |    39 ||   527
       Constrict         |    24 |    12 |    37 |     1 ||    74
       Tentacles         |    13 |     5 |    34 |     5 ||    57
       Kick              |     6 |     4 |    10 |       ||    20
       Punch             |     4 |     1 |     7 |     2 ||    14
 Cast: Beastly Appendage |    16 |    11 |     7 |       ||    34
       Spider Form       |       |     6 |    15 |     1 ||    22
       Ice Form          |       |       |    11 |     3 ||    14
Evoke: Wand              |       |       |     6 |    21 ||    27
  Use: Potion            |       |     9 |    12 |     2 ||    23
       Scroll            |       |       |    21 |     1 ||    22
 Stab: Sleeping          |     7 |     7 |    10 |     1 ||    25
       Distracted        |       |     1 |     1 |       ||     2
       Paralysed         |       |       |     2 |       ||     2
Armor: Skin              |     8 |     7 |    44 |     3 ||    62
Dodge: Dodged            |    46 |    80 |   247 |    50 ||   423

Table legend: (Time is in decaauts)
 A = Elapsed time spent in this place.
 B = Non-inter-level travel time spent in this place.
 C = Inter-level travel time spent in this place.
 D = Time resting spent in this place.
 E = Time spent auto-exploring this place.
 F = Levels seen in this place.
 G = Mean time per level.
                   A        B        C        D        E       F      G
               +--------+--------+--------+--------+--------+-----+--------+
         Total |  15611 |  14942 |    669 |   4214 |   8921 |  11 | 1419.2 |
       Dungeon |  14806 |  14215 |    591 |   4214 |   8337 |   9 | 1645.1 |
        Temple |    303 |    225 |     78 |      0 |    204 |   1 |  303.0 |
         Sewer |    501 |    501 |      0 |      0 |    380 |   1 |  501.0 |
               +--------+--------+--------+--------+--------+-----+--------+

Top non-repeatable levels by time:
     D:7: 2843 daAuts
     D:8: 2220 daAuts
     D:6: 1998 daAuts
     D:4: 1808 daAuts
     D:5: 1739 daAuts
     D:3: 1358 daAuts
     D:1: 1332 daAuts
     D:2: 1118 daAuts
   Sewer: 501 daAuts
     D:9: 387 daAuts
  Temple: 303 daAuts
